 Dungeon Crawl Stone Soup version 0.31-a0-880-g9a209b2425 (webtiles) character file.

Game seed: 18406195492557885257

134 BinkBink the Cudgeller (level 5, 0/32 HPs)
             Began as a Gargoyle Monk on Oct 15, 2023.
             Slain by an orc
             ... wielding a +0 short sword
              (3 damage)
             ... on level 3 of the Dungeon.
             The game lasted 00:02:33 (1451 turns).

BinkBink the Cudgeller (Gargoyle Monk)              Turns: 1451, Time: 00:02:34

Health: 0/32       AC: 10    Str: 21    XL:     5   Next: 17%
Magic:  5/5        EV: 12    Int: 10    God:
Gold:   171        SH:  0    Dex: 12    Spells: 4/4 levels left

rFire   + . .        i - +0 mace (heavy)
rCold   . . .        d - orb {light}
rNeg    + . .        b - +0 robe
rPois   ∞            h - +0 helmet
rElec   +            (no cloak)
rCorr   .            (no gloves)
SInv    .            g - +2 pair of boots "Ograwn" {rF+ Str+4}
Will    .....        (no amulet)
Stlth   +            (no ring)
HPRegen 0.25/turn    (no ring)
MPRegen 0.09/turn

%: no passive effects
@: glowing
A: sickness immunity, AC +4, negative energy resistance 1, electricity
resistance, torment resistance 1, petrification resistance
a: no special abilities


You were on level 3 of the Dungeon.
You visited 1 branch of the dungeon, and saw 3 of its levels.

You collected 171 gold pieces.

Inventory:

Hand Weapons
 a - a +0 mace
 i - a +0 heavy mace (weapon)
Armour
 b - a +0 robe (worn)
 d - an orb of light (worn)
 g - the +2 pair of boots "Ograwn" (worn) {rF+ Str+4}
   (You acquired it on level 2 of the Dungeon)

   Str+4:     It affects your strength (+4).
   rF+:       It protects you from fire.
 h - a +0 helmet (worn)
Scrolls
 e - a scroll of amnesia
 k - a scroll of noise
Potions
 c - a potion of ambrosia
 f - a potion of degeneration
 j - 3 potions of attraction


   Skills:
 - Level 3.2 Fighting
 * Level 4.9 Maces & Flails
 + Level 3.3 Dodging


You had 4 spell levels left.
You didn't know any spells.
Your spell library contained the following spells:

 Spells                   Type           Power      Damage    Failure   Level
 Necrotise                Necr           0%         1d4       36%         1
 Ensorcelled Hibernation  Hex/Ice        0%         N/A       50%         2
 Passwall                 Tmut/Erth      0%         N/A       50%         2
 Swiftness                Air            0%         N/A       75%         3
 Vampiric Draining        Necr           0%         2d6       75%         3
 Agony                    Necr           0%         N/A       100%        5


Dungeon Overview and Level Annotations

Branches:
Dungeon (3/15)

Altars:

Shops:
D:1 (


Innate Abilities, Weirdness & Mutations

You are immune to sickness and miasma.
Your stone body is resilient. (AC +4)
You are immune to poison.
You resist negative energy. (rN+)
You are resistant to electric shocks. (rElec)
You are resistant to unholy torment.
You are immune to petrification.


Message History

No target in view!
Things that are here:
a +0 dagger; a +0 robe; an orc corpse An orc and an orc priest come into view.
The orc priest is wielding a +0 vampiric trident.
The orc shouts!
The orc priest shouts!
The orc priest moves out of view.
An orc is nearby!
The orc barely misses you.
You bludgeon the orc!!
You kill the orc!
The orc priest calls down the wrath of Beogh upon you.
Beogh smites you! The orc priest barely misses you.
The orc priest hits you with a +0 vampiric trident.
You see here a +0 club.
You are too injured to fight recklessly!
You are too injured to fight recklessly!
You are too injured to fight recklessly!
You hit the orc priest.
The orc priest is lightly wounded.
The orc priest completely misses you.
The orc priest mumbles some strange prayers to Beogh against you.
Beogh smites you!
* * * LOW HITPOINT WARNING * * *
An orc comes into view. It is wielding a +0 short sword.
You sock the orc priest!
The orc priest is almost dead.
The orc hits you with a +0 short sword.
* * * LOW HITPOINT WARNING * * *
The orc priest misses you.
Okay, then.
You hit the orc priest.
You kill the orc priest!
The orc hits you but does no damage.
You have reached level 5!
You barely miss the orc. The orc hits you with a +0 short sword.
* * * LOW HITPOINT WARNING * * *
The orc hits you but does no damage.
You hit the orc but do no damage. The orc hits you with a +0 short sword.
You die...

.....# #.#.# ##+#.#
..#.# ##.#.######.#
#...# .............
#.!.# ##..........#
#...#
###.##########...#
#.....†).......#
#############..######
#@)...... ##o######
.# .# .# .. .# ##


You could see an orc.

Vanquished Creatures
  An orc priest (D:3)
  An orc wizard (D:3)
  Natasha (D:3)
  A worm (D:2)
  A dart slug (D:2)
  5 orcs (D:3)
  8 ball pythons
  3 endoplasms
  A giant cockroach (D:2)
  3 hobgoblins
  5 kobolds
  3 quokkas
  4 bats
  2 frilled lizards (D:1)
  6 rats
45 creatures vanquished.

Notes
Turn   | Place    | Note
-------+----------+-------------------------------------------
     0 | D:1      | BinkBink the Gargoyle Monk began the quest for the Orb.
     0 | D:1      | Reached XP level 1. HP: 14/14 MP: 1/1
     5 | D:1      | Noticed an anaconda
   209 | D:1      | Reached XP level 2. HP: 14/19 MP: 2/2
   346 | D:1      | Found Yrghaiska's Antique Weapon Shoppe.
   521 | D:1      | Noticed an anaconda
   675 | D:1      | Reached XP level 3. HP: 11/23 MP: 3/3
  1034 | D:2      | Reached skill level 4 in Maces & Flails
  1334 | D:2      | Identified a scroll of acquirement
  1334 | D:2      | Acquired the +2 pair of boots "Ograwn" {rF+ Str+4}
  1394 | D:3      | Noticed Natasha
  1400 | D:3      | Killed Natasha
  1401 | D:3      | Reached XP level 4. HP: 25/28 MP: 4/4
  1450 | D:3      | Reached XP level 5. HP: 4/32 MP: 5/5
  1451 | D:3      | Slain by an orc

Illustrated notes

Levels and vault maps discovered:
D:1:      sevenhm_arrival_forest_fort_small_2, layout_basic, serial_shops, shop,
          kennysheep_flooded_box
D:2:      layout_rooms, nicolae_figureground_pulse
D:3:      layout_basic, chequers_ecumenical_altar_simple, minivault_19,
          uniq_natasha

Skill      XL: |  1  2  3 |
---------------+----------+-----
Maces & Flails | 4 |  4.9
Dodging        | 3 |  3.3
Fighting       | |  3.2

Action                     |  1- 3 |  4- 6 || total
---------------------------+-------+-------++-------
  Melee: Mace              |    75 |    15 ||    90
    Use: Scroll            |     5 |       ||     5
 Armour: Robe              |    44 |    11 ||    55
  Dodge: Dodged            |    61 |    12 ||    73

Table legend: (Time is in decaauts)
 A = Elapsed time spent in this place.
 B = Non-inter-level travel time spent in this place.
 C = Inter-level travel time spent in this place.
 D = Time resting spent in this place.
 E = Time spent auto-exploring this place.
 F = Levels seen in this place.
 G = Mean time per level.
                   A        B        C        D        E       F      G
               +--------+--------+--------+--------+--------+-----+--------+
         Total |   1499 |   1463 |     36 |     49 |   1122 |   3 |  499.7 |
       Dungeon |   1499 |   1463 |     36 |     49 |   1122 |   3 |  499.7 |
               +--------+--------+--------+--------+--------+-----+--------+

Top non-repeatable levels by time:
     D:1: 886 daAuts
     D:2: 502 daAuts
     D:3: 110 daAuts
